 Dungeon Crawl Stone Soup version 0.15-a0-198-g2f4809b (webtiles) character file.

40611 PolkaDot the Summoner (level 13, -9/113 HPs)
             Began as a Vampire Summoner on Apr 23, 2014.
             Was the Champion of Sif Muna.
             Mangled by a hill giant
             ... wielding a +0,+0 giant club
              (33 damage)
             ... on Level 13 of the Dungeon.
             The game lasted 02:39:19 (24742 turns).

PolkaDot the Summoner (Vampire Summoner)           Turns: 24742, Time: 02:39:19

HP  -9/113       AC  9     Str  9      XL: 13   Next: 68%
MP  22/22        EV 17     Int 21      God: Sif Muna [******]
Gold 1323        SH  0     Dex 15      Spells:  6 memorised,  2 levels left

rFire  . . .     SeeInvis +     t - +5,+3 halberd (freeze)
rCold  + . .     Clarity  .     j - +0 leather armour
rNeg   + + +     Conserve .     (no shield)
rPois  .         rCorr    .     p - +1 helmet {Int+3}
rElec  .         rRot     .     v - +0 cloak
SustAb . .       Spirit   .     U - +0 pair of gloves
rMut   .         Warding  +     L - +0 pair of boots
Saprov . . .     Stasis   .     u - amulet of warding {unknown}
MR     +....                    N - ring of wizardry
                                V - ring of positive energy {unknown}

@: somewhat resistant to hostile enchantments, fairly stealthy
A: bottle blood, fangs 3, see invisible, cold resistance 1, robust 1,
unbreathing
a: Bat Form, Bottle Blood, Channel Energy, Forget Spell, Renounce Religion


You were on level 13 of the Dungeon.
You worshipped Sif Muna.
Sif Muna was exalted by your worship.
You were not thirsty.

You visited 3 branches of the dungeon, and saw 22 of its levels.

You collected 1371 gold pieces.
You spent 48 gold pieces at shops.

Inventory:

Hand weapons
 t - a +5,+3 halberd of freezing (weapon)
Armour
 j - a +0 leather armour (worn)
 p - a +1 helmet of intelligence (worn)
 v - a +0 cloak (worn)
 L - a +0 pair of boots (worn)
 U - a +0 pair of gloves (worn)
Magical devices
 B - a wand of digging (6)
 G - a wand of paralysis (13)
 K - a wand of heal wounds (6)
 M - a wand of disintegration (5)
Scrolls
 d - a scroll of amnesia
 f - 6 scrolls of remove curse
 i - 4 scrolls of fear
 l - 3 scrolls of teleportation
 n - a scroll of immolation
 r - 2 scrolls of fog
 y - a scroll of recharging
Jewellery
 b - an uncursed amulet of resist corrosion {unknown}
 o - an uncursed amulet of clarity
 u - an amulet of warding (around neck) {unknown}
 F - an uncursed ring of flight
 N - a ring of wizardry (right hand)
 V - a ring of positive energy (left hand) {unknown}
Potions
 g - a potion of brilliance
 h - 4 potions of restore abilities
 k - 2 potions of flight
 w - 2 potions of resistance {unknown}
 x - 4 potions of curing
 A - a potion of lignification {unknown}
 D - a potion of mutation {unknown}
 E - 3 potions of cure mutation {!q}
 H - 2 potions of agility
 O - a potion of degeneration {unknown}
 P - 4 potions of poison {unknown}
 R - 3 potions of paralysis {unknown}
 S - 2 potions of might
Books
 a - the Almanac of Earthen Translocation
   (You found it on level 12 of the Dungeon)

   Spells                             Type                      Level
   *Apportation                       Translocation                1
   Stoneskin                          Transmutation/Earth          2
   Passwall                           Transmutation/Earth          3
   Passage of Golubria                Translocation                4
   Lee's Rapid Deconstruction         Earth                        5
   Summon Forest                      Summoning/Translocation      5
 c - a book of Wizardry

   Spells                             Type                      Level
   Summon Elemental                   Summoning                    4
   Agony                              Necromancy                   5
   Force Lance                        Conjuration                  5
   Haste                              Charms                       6
   Invisibility                       Hexes                        6
   Spellforged Servitor               Conjuration/Summoning        7
 e - a book of Beasts

   Spells                             Type                      Level
   Summon Butterflies                 Summoning                    1
   *Call Canine Familiar              Summoning                    3
   *Summon Ice Beast                  Ice/Summoning                4
   Summon Mana Viper                  Hexes/Summoning              5
   Monstrous Menagerie                Summoning                    6
   Summon Hydra                       Summoning                    7
 q - Sif Muna's Guide on the Freezing Escort {god gift}
   (Sif Muna gifted it to you on level 8 of the Lair of Beasts)

   Spells                             Type                      Level
   Freeze                             Ice                          1
   Freezing Aura                      Charms/Ice                   2
   Shadow Creatures                   Summoning                    5
   Aura of Abjuration                 Summoning                    6
   Forceful Dismissal                 Summoning                    6
 C - a book of Air

   Spells                             Type                      Level
   Shock                              Conjuration/Air              1
   Swiftness                          Charms/Air                   2
   Repel Missiles                     Charms/Air                   2
   *Flight                            Charms/Air                   3
   Static Discharge                   Conjuration/Air              3
   Lightning Bolt                     Conjuration/Air              5
Rods
 m - a +4 rod of ignition (10/10)
   (You took it off an orc on level 12 of the Dungeon)


   Skills:
 - Level 10.2 Fighting
 - Level 7.8 Polearms
 * Level 3.9 Armour
 - Level 10.1 Dodging
 - Level 3.0 Stealth
 + Level 3.6 Spellcasting
 + Level 5.9 Charms
 - Level 12.9 Summonings
 - Level 9.0 Ice Magic


You had 2 spell levels left.
You knew the following spells:

 Your Spells              Type           Power        Failure   Level  Hunger
c - Call Canine Familiar  Summ           ######..     1%          3    ###....
q - Blink                 Tloc           N/A          9%          2    #......
s - Summon Ice Beast      Ice/Summ       #####...     1%          4    ####...
A - Apportation           Tloc           #.........   6%          1    None
F - Flight                Chrm/Air       ###.......   6%          3    ###....
S - Summon Lightning Spi  Summ/Air       ####....     4%          4    ####...


Dungeon Overview and Level Annotations

Branches:
Dungeon (13/15)            Temple (1/1) D:4             Orc (0/4) D:11
   Lair (8/8) D:8          Shoals (0/5) Lair:5       Spider (0/5) Lair:6
  Slime: Lair:6-8    Vaults: D:13-14

Altars:
Ashenzari
Cheibriados
Dithmenos
Elyvilon
Fedhas
Kikubaaqudgha
Makhleb
Nemelex Xobeh
Okawaru
Sif Muna
Trog
Vehumet
Xom
Yredelemnul
Zin
The Shining One

Shops:
D:5 ?


Innate Abilities, Weirdness & Mutations

You can bottle blood from corpses.
You have razor-sharp teeth.*
You have supernaturally acute eyesight.
You can survive without breathing.*
Your flesh is cold resistant.*+ You are robust (+10% HP).


Message History

You are too injured to fight recklessly!
You are too injured to fight recklessly!
You puncture the hill giant! You freeze the hill giant.
The hill giant is heavily wounded.
The hill giant hits you with a giant club!
You puncture the hill giant! You freeze the hill giant.
The hill giant is severely wounded.
The hill giant barely misses you.
You hit the hill giant. You freeze the hill giant.
The hill giant is almost dead.
The hill giant hits you with a giant club!
* * * LOW HITPOINT WARNING * * *
Drink which item? (? for menu, Esc to quit)
You feel much better.
You slash the hill giant! You freeze the hill giant. You bite the hill giant.
You draw the hill giant's blood!
You feel better.
You feel slightly less thirsty.
The hill giant is almost dead.
The hill giant hits you with a giant club!
You die...

.....#.................#
#...#......#............
##.............#.........
#|....................#..
#........%...(..........
##.............#...#####
#......?....#.....## #.
##.##.......#..#.## ##
##....@.#.....### #
#....$.C###....#
#......... #.....
#....#.....##.....
#...##......####. ..#
#...... .. . ##.#.#.. #.
##...# #


You could see a hill giant.

Vanquished Creatures
  2 hydras
  An unseen horror (D:12)
  A lindwurm (Lair:8)
  A wolf spider (D:12)
  A cyclops (D:11)
  2 elephants (Lair:3)
  7 komodo dragons
  A feature mimic (Lair:3)
  2 spiny frogs
  Psyche (D:10)
  2 black mambas
  A kobold demonologist (D:11)
  2 centaur zombies
  Grinder (D:5)
  A giant firefly (Lair:8)
  2 giant leeches (Lair:8)
  A boulder beetle (Lair:7)
  4 blink frogs
  A basilisk (Lair:4)
  3 wyverns
  A trapdoor spider (D:11)
  A vampire (D:12)
  A shark (Lair:7)
  3 ugly things (D:12)
  A hill giant zombie (D:12)
  A deep elf mage (D:9)
  15 yaks
  A hungry ghost (D:8)
  A necrophage (D:10)
  10 water moccasins
  4 hippogriffs
  A mottled dragon (D:12)
  9 porcupines
  2 orc warriors
  2 sky beasts
  2 phantoms (D:11)
  4 ice beasts
  An ogre (D:6)
  3 spiders (Lair:6)
  A black bear (D:10)
  2 giant goldfish (Lair:7)
  11 crocodiles
  6 centaurs
  2 big kobolds
  A brain worm (D:13)
  5 giant slugs
  13 giant frogs
  A scorpion (D:8)
  An eye of draining (D:11)
  3 killer bees (D:11)
  A giant frog zombie (D:5)
  A hippogriff skeleton (D:9)
  3 wights
  9 crimson imps
  A giant frog skeleton (D:5)
  3 big fish (Lair:7)
  5 hounds
  3 orc priests
  3 orc wizards
  8 iguanas
  An orange rat (D:9)
  A kobold skeleton (D:12)
  8 worker ants
  9 sheep
  A necrophage skeleton (D:10)
  21 adders
  A gnoll (D:3)
  48 green rats
  3 shadow imps
  10 worms
  An adder skeleton (D:6)
  2 giant eyeballs
  9 giant geckos
  47 orcs
  19 bats
  A bat skeleton (D:6)
  4 giant cockroaches
  6 goblins
  9 hobgoblins
  12 jackals
  2 oozes
  6 quokkas
  6 giant newts
  A hobgoblin zombie (D:5)
  A jackal skeleton (D:6)
  18 kobolds
  An orc skeleton (D:10)
  4 orc zombies
  22 rats
  A plant (Lair:8)
458 creatures vanquished.

Vanquished Creatures (collateral kills)
  Gastronok (Lair:2)
  Snorg (Lair:7)
  A fire dragon (Lair:8)
  4 hydras
  A tengu warrior (D:12)
  10 death yaks
  An unseen horror (D:11)
  2 hill giants (D:12)
  2 lindwurms
  2 elephants (Lair:3)
  3 black mambas
  5 spiny frogs
  A gargoyle (D:12)
  3 komodo dragons
  2 giant fireflies (Lair:8)
  A deep elf priest (D:12)
  A troll (D:12)
  4 blink frogs
  2 basilisks (Lair:2)
  A two-headed ogre (D:6)
  A brown ooze (D:7)
  A trapdoor spider (D:9)
  A shark (Lair:7)
  6 elephant slugs
  5 ugly things (D:12)
  19 yaks
  2 hippogriffs
  A hungry ghost (D:8)
  2 porcupines
  A wolf (Lair:2)
  A tengu skeleton (D:12)
  A sky beast (D:8)
  8 water moccasins
  A mottled dragon (D:12)
  A phantom (D:9)
  A black bear (Lair:2)
  2 ogres (D:9)
  4 spiders (Lair:6)
  4 centaurs
  4 orc warriors
  A crocodile (Lair:3)
  2 giant slugs
  3 lava worms (Lair:3)
  7 giant frogs
  4 brain worms (Lair:8)
  A cyclops skeleton (D:12)
  2 scorpions (D:8)
  5 killer bees (D:7)
  An electric eel (Lair:7)
  5 wights
  A troll skeleton (D:9)
  2 hounds
  2 goliath beetles
  5 orc wizards
  7 jellies
  5 orc priests
  2 giant frog skeletons
  An iguana (D:8)
  9 sheep
  A worker ant (D:12)
  A big kobold zombie (D:8)
  A mummy (D:12)
  10 gnolls
  25 green rats
  5 adders
  2 shadow imps
  12 worms
  An orc zombie (D:9)
  2 giant geckos
  14 oozes
  27 orcs
  2 giant cockroaches (D:4)
  2 hobgoblins (D:1)
  6 jackals
  3 quokkas
  A ball python (D:2)
  3 bats
  4 goblins
  4 kobolds
  5 rats
  A ballistomycete (D:11)
  A butterfly (Lair:1)
  3 fungi
315 creatures vanquished.

Vanquished Creatures (others)
  35 wolves
  4 wargs
  98 ice beasts
  9 hounds
  5 lightning spires
  3 quokkas
  A giant spore (D:11)
  2 rats (D:1)
  15 fungi
  5 plants
177 creatures vanquished.

Grand Total: 950 creatures vanquished

Notes
Turn   | Place    | Note
--------------------------------------------------------------
     0 | D:1      | PolkaDot, the Vampire Summoner, began the quest for the Orb.
     0 | D:1      | Reached XP level 1. HP: 13/13 MP: 3/3
   388 | D:1      | Reached XP level 2. HP: 8/19 MP: 2/4
   622 | D:2      | Reached XP level 3. HP: 20/24 MP: 4/6
   808 | D:2      | Reached skill level 5 in Summonings
  1467 | D:2      | Learned a level 3 spell: Call Canine Familiar
  1525 | D:3      | Reached XP level 4. HP: 17/30 MP: 2/7
  1982 | D:3      | Gained mutation: You are robust (+10% HP). [potion of beneficial mutation]
  2123 | D:3      | Reached skill level 6 in Summonings
  2123 | D:3      | Reached XP level 5. HP: 25/38 MP: 7/9
  2635 | D:4      | Found a staircase to the Ecumenical Temple.
  2642 | Temple   | Entered the Ecumenical Temple
  2686 | Temple   | Became a worshipper of Sif Muna the Loreminder
  3193 | D:4      | Reached skill level 1 in Polearms
  3201 | D:4      | Gained mutation: Your flesh is cold resistant. [potion of beneficial mutation]
  3207 | D:4      | Reached XP level 6. HP: 22/45 MP: 3/10
  3228 | D:4      | Learned a level 4 spell: Summon Ice Beast
  3548 | D:5      | Entered Level 5 of the Dungeon
  3630 | D:5      | Reached skill level 7 in Summonings
  3735 | D:5      | Reached XP level 7. HP: 32/50 MP: 12/12
  3740 | D:5      | Acquired Sif Muna's first power
  3837 | D:5      | Found a blossoming altar of Fedhas.
  3838 | D:5      | Found an ancient bone altar of Kikubaaqudgha.
  3874 | D:5      | Reached skill level 8 in Summonings
  3947 | D:5      | Noticed Grinder
  3981 | D:5      | Killed Grinder
  4172 | D:5      | Found Ylalaen's Magic Scroll Boutique.
  4177 | D:5      | Bought a scroll of identify for 24 gold pieces
  4177 | D:5      | Bought a scroll of identify for 24 gold pieces
  4248 | D:5      | Reached XP level 8. HP: 57/57 MP: 13/13
  4271 | D:6      | Reached skill level 9 in Summonings
  4284 | D:6      | Found a bloodstained altar of Trog.
  4398 | D:6      | Acquired Sif Muna's second power
  4681 | D:6      | Noticed a two-headed ogre
  4684 | D:6      | Killed a two-headed ogre
  4684 | D:6      | Reached skill level 10 in Summonings
  5038 | D:7      | Reached skill level 5 in Polearms
  5247 | D:7      | Reached XP level 9. HP: 62/62 MP: 14/14
  5618 | D:7      | Reached skill level 11 in Summonings
  5696 | D:7      | Learned a level 4 spell: Summon Lightning Spire
  6150 | D:8      | Found a staircase to the Lair.
  6150 | D:8      | Noticed a komodo dragon
  6208 | D:8      | Killed a komodo dragon
  6208 | D:8      | Reached skill level 12 in Summonings
  6857 | D:9      | Acquired Sif Muna's third power
  6857 | D:9      | Reached XP level 10. HP: 15/69 MP: 3/17
  7229 | D:9      | Learned a level 2 spell: Blink
  7231 | D:9      | Learned a level 1 spell: Apportation
  7250 | D:10     | Entered Level 10 of the Dungeon
  7455 | D:9      | Found a sparkling altar of Nemelex Xobeh.
  7755 | Lair:1   | Entered Level 1 of the Lair of Beasts
  7822 | Lair:1   | HP: 3/69 [sheep (10)]
  8163 | Lair:1   | Reached skill level 5 in Dodging
  9449 | Lair:2   | Noticed Gastronok
  9470 | Lair:2   | Killed Gastronok
 11086 | Lair:3   | Reached XP level 11. HP: 74/74 MP: 20/20
 11581 | Lair:3   | Noticed a black mamba
 11594 | Lair:3   | Killed a black mamba
 11966 | Lair:3   | Noticed an elephant
 11969 | Lair:3   | Noticed an elephant
 11972 | Lair:3   | Noticed an elephant
 11975 | Lair:3   | Noticed an elephant
 11977 | Lair:3   | Killed an elephant
 11991 | Lair:3   | Killed an elephant
 11992 | Lair:3   | Killed an elephant
 12004 | Lair:3   | Killed an elephant
 12004 | Lair:3   | Reached skill level 10 in Dodging
 12526 | Lair:3   | Noticed a lindwurm
 12530 | Lair:3   | Reached skill level 1 in Fighting
 12806 | Lair:3   | Reached skill level 1 in Ice Magic
 12908 | Lair:3   | Killed a lindwurm
 14967 | Lair:5   | Reached skill level 5 in Fighting
 15125 | Lair:5   | Found a staircase to the Shoals.
 15138 | Lair:5   | Reached XP level 12. HP: 71/96 MP: 8/20
 15188 | Lair:5   | Noticed a six-headed hydra
 15610 | Lair:5   | Noticed a six-headed hydra
 15620 | Lair:5   | Killed an eight-headed hydra
 15620 | Lair:5   | Reached skill level 5 in Ice Magic
 16075 | Lair:6   | Noticed a four-headed hydra
 16084 | Lair:6   | Killed an eight-headed hydra
 16326 | Lair:6   | Noticed a five-headed hydra
 16336 | Lair:6   | Killed a nine-headed hydra
 16674 | Lair:6   | Found a hole to the Spider Nest.
 16958 | Lair:6   | Noticed a five-headed hydra
 16965 | Lair:6   | Killed a seven-headed hydra
 17816 | Lair:7   | Noticed Snorg
 17826 | Lair:7   | Killed Snorg
 18143 | Lair:7   | Reached skill level 10 in Fighting
 18246 | Lair:7   | Reached XP level 13. HP: 110/113 MP: 21/21
 18825 | Lair:7   | Learned a level 3 spell: Flight
 18826 | Lair:8   | Entered Level 8 of the Lair of Beasts
 18836 | Lair:8   | Reached skill level 1 in Charms
 19405 | Lair:8   | Received a gift from Sif Muna
 19406 | Lair:8   | Identified Sif Muna's Guide on the Freezing Escort {god gift} (Sif Muna gifted it to you on level 8 of the Lair of Beasts)
 21064 | D:10     | Noticed Psyche
 21069 | D:10     | Killed Psyche
 21296 | D:10     | Reached skill level 1 in Armour
 21811 | D:11     | Found a staircase to the Orcish Mines.
 21954 | D:11     | Reached skill level 5 in Charms
 22667 | D:12     | Identified the Almanac of Earthen Translocation
 23001 | D:12     | Identified a +4 rod of ignition (10/10) (You took it off an orc on level 12 of the Dungeon)
 24740 | D:13     | HP: 4/113 [hill giant/giant club (35)]
 24742 | D:13     | Mangled by a hill giant

Action                   |  1- 3 |  4- 6 |  7- 9 | 10-12 | 13-15 || total
-------------------------+-------+-------+-------+-------+-------++-------
Melee: Short sword       |   139 |    68 |       |       |       ||   207
       Unarmed           |     5 |       |       |       |       ||     5
       Spear             |       |    77 |       |       |       ||    77
       Trident           |       |   104 |     3 |       |       ||   107
       Halberd           |       |       |   332 |  1035 |   533 ||  1900
 Cast: Summon Small Mamm |    14 |     3 |     2 |       |       ||    19
       Call Canine Famil |     1 |    13 |    19 |    36 |    29 ||    98
       Summon Ice Beast  |       |       |    24 |   150 |    94 ||   268
       Summon Lightning  |       |       |     1 |    10 |     4 ||    15
       Blink             |       |       |       |       |     1 ||     1
Invok: Channel Energy    |       |       |    59 |   191 |    48 ||   298
 Abil: Bottle Blood      |       |     6 |    40 |    62 |     3 ||   111
       Evoke Flight      |       |       |       |     1 |       ||     1
Evoke: Wand              |       |       |     1 |    10 |     2 ||    13
  Use: Potion            |     2 |    10 |    30 |    93 |    12 ||   147
       Scroll            |       |    11 |    10 |    16 |    11 ||    48
 Stab: Sleeping          |     3 |     3 |    10 |    24 |     6 ||    46
       Distracted        |     1 |     3 |     2 |    10 |     3 ||    19
       Paralysed         |       |       |       |     2 |       ||     2
       Invisible         |       |       |       |     1 |       ||     1
